Construct Infanterie Kompanie
Construct Luftwaffe Kompanie
Construct Panzergrenadier Kompanie
Panzergrenadier Officer Quarters
Nebelwerfer 42 Rocket Launcher Team
Selects Breakthrough Battlegroup
Selects Assault Grenadiers
Selects Smoke Bombing Run
Selects Incendiary Bombing Run
Selects Assault Grenadiers
Selects Mechanized Assault Group
Selects Assault Grenadiers
Selects Mechanized Assault Group
Nebelwerfer 42 Rocket Launcher Team
Construct Panzer Kompanie